 Dungeon Crawl Stone Soup version 0.26.0-10-g1f06aea511 (webtiles) character file.

Game seed: 136555605340331130

37 Dracia the Sneak (level 3, -5/19 HPs)
             Began as a Kobold Enchanter on Jan 18, 2021.
             Slain by an ice beast (10 damage)
             ... on level 2 of the Dungeon.
             The game lasted 00:02:24 (2049 turns).

Dracia the Sneak (Kobold Enchanter)                 Turns: 2049, Time: 00:02:25

Health: -5/19      AC:  2    Str:  5    XL:     3   Next: 62%
Magic:  6/6        EV: 15    Int: 16    God:
Gold:   115        SH:  0    Dex: 16    Spells: 3/6 levels left

rFire    . . .     SeeInvis .   a - +1 dagger
rCold    . . .     Faith    .   (shield restricted)
rNeg     . . .     Spirit   .   b - +0 robe
rPois    +         Reflect  .   (no helmet)
rElec    .         Harm     .   (no cloak)
rCorr    .         Rampage  .   (no gloves)
Will     .....                  (no boots)
Stlth    ++++......             (no amulet)
HPRegen  0.06/turn              P - ring of poison resistance
MPRegen  0.10/turn              (no ring)

@: no status effects
A: small, nightstalker 3
a: no special abilities


You were on level 2 of the Dungeon.
You visited 1 branch of the dungeon, and saw 3 of its levels.

You collected 115 gold pieces.


Innate Abilities, Weirdness & Mutations

You are small and have problems with some larger weapons.
You are completely attuned to the shadows.


   Skills:
 * Level 3.6 Short Blades
 - Level 2.4 Dodging
 - Level 4.0 Stealth
 - Level 2.1 Spellcasting
 + Level 3.4 Hexes


You had 3 spell levels left.
You knew the following spells:

 Your Spells              Type           Power        Failure   Level
x - Ensorcelled Hibernat  Hex/Ice        14%          16%         2
z - Corona                Hex            13%          4%          1

Your spell library contained the following spells:

 Spells                   Type           Power        Failure   Level
 Confusing Touch          Hex            12%          14%         3
 Tukima's Dance           Hex            12%          14%         3
 Dazzling Flash           Conj/Hex       14%          30%         3

Inventory:

Hand Weapons
 a - a +1 dagger (weapon)
Missiles
 d - 9 poisoned darts
Armour
 b - a +0 robe (worn)
Jewellery
 P - a ring of poison resistance (left hand)
Scrolls
 h - a scroll of amnesia
Potions
 c - 2 potions of might {unknown}
 e - a potion of magic {unknown}
 f - a potion of cancellation {unknown}
 k - 2 potions of heal wounds {unknown}

Dungeon Overview and Level Annotations

Branches:
Dungeon (3/15)

Altars:
Cheibriados
Qazlal

#......# #.
######.# #. #.# #.
#.# #.
###########.#####.
#.................
#.#########.#####.
#.# #.# #.
#@#########.#####.
#>Y...............
#.##............#.
#.##............#.
#.##............+.
#.##............##
#.##............##
#.##............+.
#.##............##


You could see an ice beast.


Message History

2 kobolds come into view.
A kobold is quivering 4 curare-tipped darts.
There is a stone staircase leading up here.
There are monsters nearby!
An ice beast comes into view.
Found a stone staircase leading down.
The helpless kobold fails to defend itself.
You impale the kobold!!
You kill the kobold!
The ice beast barely misses you.
You hit the ice beast but do no damage.
The ice beast hits you but does no damage.
Unknown command.
Sorry, you're not good enough to have a special ability.
Casting: Ensorcelled Hibernation (safe; 16% risk of failure)
Confirm with . or Enter, or press ? or * to list all spells.
You can't see any susceptible monsters within range! (Use Z to cast anyway.) Unknown command.
The ice beast barely misses you.
Okay, then.
There is a stone staircase leading up here.
The ice beast hits you. The ice beast freezes you!
* * * LOW HITPOINT WARNING * * *
You climb upwards.
There is a stone staircase leading down here.
The ice beast hits you.
* * * LOW HITPOINT WARNING * * *
The ice beast freezes you!
Ouch! That really hurt!
You die...

Skill      XL: |  1  2 |
---------------+-------+-----
Short Blades   | 2 3 |  3.6
Dodging        | |  2.4
Stealth        | |  4.0
Spellcasting   | |  2.1
Hexes          | |  3.4

Action                   || total
-------------------------++-------
Melee: Dagger            ||    83
 Cast: Ensorcelled Hiber ||    12
  Use: Scroll            ||     3
 Stab: Sleeping          ||    20
       Distracted        ||     1
Armor: Robe              ||    13
Dodge: Dodged            ||    71

Levels and vault maps discovered:
D:1:      sevenhm_arrival_forest_fort_large_2, layout_rooms, serial_glass,
          glass_columns_a, glass_columns_c
D:2:      layout_basic, chequers_temple_overflow_statue_of_worship
D:3:      layout_rooms, lemuel_crystal_altar

Notes
Turn   | Place    | Note
-------+----------+-------------------------------------------
     0 | D:1      | Dracia the Kobold Enchanter began the quest for the Orb.
     0 | D:1      | Reached XP level 1. HP: 10/10 MP: 3/3
   312 | D:1      | Reached skill level 2 in Short Blades
   337 | D:1      | Reached XP level 2. HP: 15/15 MP: 5/5
   360 | D:1      | Learned a level 2 spell: Ensorcelled Hibernation
   961 | D:1      | Reached skill level 3 in Short Blades
  1087 | D:2      | Reached XP level 3. HP: 16/19 MP: 6/6
  1322 | D:2      | Found a snail-covered altar of Cheibriados.
  1322 | D:2      | Found a stormy altar of Qazlal.
  2037 | D:3      | Noticed an ice beast
  2049 | D:2      | Slain by an ice beast

Vanquished Creatures
  2 dart slugs
  2 leopard geckos
  5 bats
  A goblin (D:2)
  5 hobgoblins (D:1)
  5 frilled lizards
  7 kobolds
  4 rats
31 creatures vanquished.

Table legend: (Time is in decaauts)
 A = Elapsed time spent in this place.
 B = Non-inter-level travel time spent in this place.
 C = Inter-level travel time spent in this place.
 D = Time resting spent in this place.
 E = Time spent auto-exploring this place.
 F = Levels seen in this place.
 G = Mean time per level.
                   A        B        C        D        E       F      G
               +--------+--------+--------+--------+--------+-----+--------+
         Total |   2038 |   1976 |     62 |    316 |   1429 |   3 |  679.3 |
       Dungeon |   2038 |   1976 |     62 |    316 |   1429 |   3 |  679.3 |
               +--------+--------+--------+--------+--------+-----+--------+

Top non-repeatable levels by time:
     D:1: 1074 daAuts
     D:2: 950 daAuts
     D:3: 12 daAuts

Table legend:
 A = Non-vault XP
 B = Vault XP
 C = Vault XP percentage of total XP
 D = Non-vault monster count
 E = Vault monster count
 F = Vault count percentage of total count
                 A         B        C        D         E       F
            +---------+---------+-------+---------+---------+-------
      Total |      54 |       0 |   0.0 |      31 |       0 |   0.0
            +---------+---------+-------+---------+---------+-------
        D:1 |      28 |       0 |   0.0 |      15 |       0 |   0.0
        D:2 |      25 |       0 |   0.0 |      15 |       0 |   0.0
        D:3 |       1 |       0 |   0.0 |       1 |       0 |   0.0
            +---------+---------+-------+---------+---------+-------
